 Dungeon Crawl Stone Soup version 0.29.1-13-g9f3cf754e1 (webtiles) character file.

Game seed: 15266511837335671695

1842 croobank the Conjurer (level 8, 0/66 HPs)
             Began as a Demigod Conjurer on Jan 24, 2023.
             Killed by nerve-wracking pain
             ... invoked by an orc priest
              (9 damage)
             ... on level 7 of the Dungeon.
             The game lasted 00:15:26 (7192 turns).

croobank the Conjurer (Demigod Conjurer)            Turns: 7192, Time: 00:15:27

Health: 0/66       AC:  3    Str:  8    XL:     8   Next: 57%
Magic:  0/17       EV: 13    Int: 34    God:
Gold:   295        SH:  0    Dex: 12    Spells: 1/15 levels left

rFire   . . .      SeeInvis .   b - +0 arbalest
rCold   . . .      Faith    .   (shield currently unavailable)
rNeg    . . .      Spirit   +   c - +0 robe
rPois   .          Reflect  .   (no helmet)
rElec   .          Harm     .   j - +0 cloak
rCorr   .          Rampage  .   (no gloves)
Will    .....                   (no boots)
Stlth   +++.......              y - amulet of guardian spirit
HPRegen 0.21/turn               x - +6 ring of intelligence
MPRegen 0.15/turn               C - ring of wizardry

@: no status effects
A: high MP 1, forlorn, divine attributes
a: no special abilities


You were on level 7 of the Dungeon.
You visited 1 branch of the dungeon, and saw 7 of its levels.

You collected 295 gold pieces.

Inventory:

Hand Weapons
 a - a +0 rapier of freezing
 b - a +0 arbalest (weapon)
 d - a +1 hand axe of draining
 i - a +2 whip of electrocution
 q - a +2 hand axe of electrocution
 r - a +2 short sword of freezing
 A - a +0 war axe
Missiles
 h - 29 poisoned darts
Armour
 c - a +0 robe (worn)
 j - a +0 cloak (worn)
Jewellery
 x - a +6 ring of intelligence (left hand)
 y - an amulet of guardian spirit (around neck)
 C - a ring of wizardry (right hand)
Wands
 k - a wand of flame (22)
 z - a wand of charming (9)
Scrolls
 g - 3 scrolls of teleportation
 m - a scroll of fear
 B - a scroll of magic mapping
Potions
 e - 2 potions of haste
 f - 2 potions of mutation
 l - a potion of heal wounds {unknown}
 n - 3 potions of might {unknown}
 o - a potion of ambrosia {unknown}
 p - 2 potions of brilliance {unknown}
 s - 2 potions of flight
 t - 2 potions of degeneration {unknown}
 u - 2 potions of resistance {unknown}
 v - a potion of invisibility {unknown}
 w - a potion of magic
 D - a potion of curing


   Skills:
 + Level 3.9 Fighting
 + Level 4.6 Dodging
 + Level 5.0 Stealth
 + Level 4.2 Spellcasting
 + Level 5.6 Conjurations
 + Level 3.8 Hexes
 * Level 0.9 Translocations


You had one spell level left.
You knew the following spells:

 Your Spells              Type           Power      Damage    Failure   Level
a - Magic Dart            Conj           100%       1d8       1%          1
b - Searing Ray           Conj           90%        2d7       1%          2
c - Dazzling Flash        Conj/Hex       78%        N/A       1%          3
d - Fulminant Prism       Conj/Hex       19%        3d11      2%          4
e - Iskenderun's Mystic   Conj/Tloc      29%        2d7       4%          4

Your spell library contained the following spells:

 Spells                   Type           Power      Damage    Failure   Level
 Gell's Gravitas          Tloc           13%        N/A       4%          3
 Teleport Other           Tloc           13%        N/A       4%          3
 Passage of Golubria      Tloc           13%        N/A       13%         4
 Silence                  Hex/Air        10%        N/A       24%         5
 Dispersal                Tloc           6%         N/A       86%         6
 Lehudib's Crystal Spear  Conj/Erth      13%        10d4      100%        8


Dungeon Overview and Level Annotations

Branches:
Dungeon (7/15)
 Temple: D:4-7

Shops:
D:1 (


Innate Abilities, Weirdness & Mutations

You have an increased reservoir of magic. (+10% MP)
You shall have no god before yourself.
Your divine heritage dramatically boosts your attributes as you level up.


Message History

The orc priest hits you but does no damage.
The orc completely misses you.
The sky beast flickers out of sight!
Deactivating autopickup; reactivate with Ctrl-A.
The orc priest hits you with a +0 hand axe!
The orc priest hits you with a +0 whip.
You shoot a bolt.
The bolt hits the orc priest but does no damage.
The orc is no longer blind.
The orc hits you with a +0 falchion.
The orc priest hits you but does no damage. x2
The orc hits you with a +0 falchion. The orc priest barely misses you.
The orc priest misses you.
You shoot a bolt. The bolt hits the orc priest.
The orc priest is moderately wounded.
The orc barely misses you. The orc priest completely misses you.
The orc priest calls down the wrath of Beogh upon you.
Beogh smites you! The orc closely misses you.
The orc priest invokes the aid of Beogh against you.
Pain shoots through your body! The orc priest closely misses you.
You are too injured to fight recklessly!
Really attack while wielding your +0 arbalest?
Okay, then.
As you read the scroll of teleportation, it crumbles to dust.
You feel strangely unstable.
The orc priest is no longer blind.
The orc barely misses you.
The orc priest invokes the aid of Beogh against you.
Beogh smites you!
* * * LOW HITPOINT WARNING * * *
The orc priest hits you with a +0 whip.
* * * LOW HITPOINT WARNING * * *
Casting: Dazzling Flash (safe; 1% risk of failure)
Confirm with . or Enter, or press ? or * to list all spells.
Casting: Dazzling Flash (safe; 1% risk of failure)
Press: ? - help, Dir - look around, f - activate The orc is dazzled.
The orc priest is dazzled.
The orc priest misses you. The orc barely misses you.
The orc priest hits you with a +0 whip.
* * * LOW HITPOINT WARNING * * *
Your surroundings seem slightly different.
The orc priest mumbles some strange prayers to Beogh against you.
Pain shoots through your body!
You die...

# .. ... .. $.#####
.... ....
#...)##o#############
........o............
......~o....@########
##########.#.# #.#.#
### #.#.####.##
#.........#
#.#.###...#########
#.#..##............
#.........)........
#.........)<.#####


You could see 2 orc priests and an orc (blind).

Vanquished Creatures
  Duvessa (D:5)
  2 ice beasts
  3 black bears
  An ogre (D:4)
  A centaur (D:6)
  A kobold brigand (D:6)
  2 phantoms
  A scorpion (D:5)
  2 necrophages
  Dowan (D:5)
  6 hounds
  A jelly (D:7)
  An iguana (D:5)
  Ijyb (D:5)
  6 orc wizards
  Natasha (thrice) (D:3)
  6 adders
  3 white imps
  2 ufetubi (D:4)
  4 worms
  A dart slug (D:3)
  14 orcs
  4 bats
  7 endoplasms
  7 goblins
  7 hobgoblins
  7 jackals
  15 kobolds
  2 quokkas (D:1)
  4 ball pythons
  2 frilled lizards (D:3)
  5 rats
123 creatures vanquished.

Vanquished Creatures (others)
  2 plants (D:1)
2 creatures vanquished.

Grand Total: 125 creatures vanquished

Notes
Turn   | Place    | Note
-------+----------+-------------------------------------------
     0 | D:1      | croobank the Demigod Conjurer began the quest for the Orb.
     0 | D:1      | Reached XP level 1. HP: 14/14 MP: 5/5
   292 | D:1      | Reached XP level 2. HP: 20/20 MP: 7/7
   300 | D:1      | Learned a level 2 spell: Searing Ray
   675 | D:1      | Found Edanemmiet's Weapon Emporium.
   925 | D:2      | Reached XP level 3. HP: 22/27 MP: 0/8
   929 | D:2      | Learned a level 3 spell: Dazzling Flash
  1575 | D:3      | Noticed Natasha
  1582 | D:3      | Killed Natasha
  1583 | D:3      | Reached skill level 1 in Fighting
  1583 | D:3      | Reached XP level 4. HP: 26/35 MP: 2/10
  1680 | D:3      | Noticed Natasha
  1685 | D:3      | Killed Natasha
  1686 | D:3      | Reached skill level 1 in Hexes
  1825 | D:3      | Reached XP level 5. HP: 36/40 MP: 7/11
  2081 | D:3      | Noticed Natasha
  2082 | D:3      | Killed Natasha
  3790 | D:4      | Noticed an ogre
  3795 | D:4      | Killed an ogre
  3796 | D:4      | Reached XP level 6. HP: 48/48 MP: 8/13
  3932 | D:4      | Learned a level 4 spell: Fulminant Prism
  3951 | D:5      | Entered Level 5 of the Dungeon
  4272 | D:5      | Noticed Ijyb
  4276 | D:5      | Killed Ijyb
  4562 | D:5      | Reached XP level 7. HP: 56/56 MP: 8/15
  5343 | D:6      | Reached skill level 5 in Conjurations
  5737 | D:6      | Reached XP level 8. HP: 57/63 MP: 5/17
  6593 | D:5      | Noticed Duvessa
  6594 | D:5      | Noticed Dowan
  6603 | D:5      | Killed Duvessa
  6607 | D:5      | Killed Dowan
  6725 | D:5      | Learned a level 4 spell: Iskenderun's Mystic Blast
  6931 | D:7      | Reached skill level 5 in Stealth
  7192 | D:7      | Killed from afar by an orc priest

Illustrated notes

Levels and vault maps discovered:
D:1:      giann_bridges, layout_basic, serial_shops, shop
D:2:      layout_rooms
D:3:      layout_rooms, nicolae_overflow_hidden_temple,
          gammafunk_temple_overflow_elements, ebering_ecumenical_altar_mist,
          uniq_natasha
D:4:      layout_cave_pods, mainiacjoe_overflow_concentric_impassable,
          mainiacjoe_overflow_catwalk, mainiacjoe_overflow_large_starburst
D:5:      layout_loops_cross, uniq_duvessa, uniq_ijyb
D:6:      layout_basic, minmay_holes
D:7:      layout_basic, lemuel_temple_firewalk_b

Skill      XL: |  1  2  3  4  5  6  7  8 |
---------------+-------------------------+-----
Stealth        | 2 3 4 5 |  5.0
Dodging        | 2 3 4 |  4.6
Spellcasting   | 2 3 4 |  4.2
Fighting       | 1 2 3 |  3.9
Conjurations   | 4 5 |  5.6
Hexes          | 1 2 3 |  3.8
Translocations | |  0.9

Action                   |  1- 3 |  4- 6 |  7- 9 || total
-------------------------+-------+-------+-------++-------
Melee: Rapier            |     5 |    12 |       ||    17
 Fire: Arbalest          |    12 |    54 |    69 ||   135
 Cast: Magic Dart        |    26 |     3 |     1 ||    30
       Searing Ray       |    18 |    30 |    31 ||    79
       Dazzling Flash    |       |     2 |     7 ||     9
  Use: Potion            |     1 |     1 |     4 ||     6
       Scroll            |     4 |     2 |     5 ||    11
 Stab: Sleeping          |     1 |     1 |       ||     2
       Invisible         |       |     1 |       ||     1
Armor: Robe              |     2 |    12 |    28 ||    42
Dodge: Dodged            |    24 |    56 |   108 ||   188
